 Dungeon Crawl Stone Soup version 0.31-a0-1603-gbec6b6ccbf (webtiles) character file.

Game seed: 461606107748468159

229 Fodor the Covered (level 5, 0/47 HPs)
             Began as a Minotaur Fighter on Jan 7, 2024.
             Was an Initiate of Gozag.
             Slain by Grinder (1 damage)
             ... on level 5 of the Dungeon.
             The game lasted 00:23:30 (4039 turns).

Fodor the Covered (Minotaur Fighter)                Turns: 4039, Time: 00:23:32

Health: 0/47       AC:  7    Str: 22    XL:     5   Next: 71%
Magic:  4/4        EV:  9    Int:  5    God:    Gozag
Gold:   106        SH:  4    Dex: 10    Spells: 4/4 levels left

rFire   . . .        a - +0 war axe
rCold   . . .        c - +0 buckler
rNeg    . . .        b - +0 scale mail
rPois   +            (helmet currently unavailable)
rElec   .            (cloak currently unavailable)
rCorr   .            (gloves currently unavailable)
SInv    .            (boots currently unavailable)
Will    .....        (no amulet) Stlth
                     i - ring of poison resistance
HPRegen 0.27/turn    (no ring)
MPRegen 0.09/turn

%: no passive effects
@: mighty, beast-form
A: beast (slay +0), horns 2, retaliatory headbutt
a: Begin Untransformation, Renounce Religion, Potion Petition, Call Merchant,
Bribe Branch


You were on level 5 of the Dungeon.
You worshipped Gozag.
Gozag was aware of your devotion.
You were a hulking beast.
You visited 2 branches of the dungeon, and saw 6 of its levels.

You collected 169 gold pieces.
You paid 63 gold pieces to Gozag.

Inventory:

Hand Weapons
 a - a +0 war axe (weapon)
Missiles
 j - 12 boomerangs (quivered)
Armour
 b - a +0 scale mail (worn)
 c - a +0 buckler (worn)
Jewellery
 i - a ring of poison resistance (left hand)
Talismans
 k - a beast talisman (active)
Scrolls
 e - 2 scrolls of revelation {unknown}
 f - a scroll of noise {unknown}
 g - 4 scrolls of teleportation {unknown}
 h - 2 scrolls of brand weapon {unknown}
 n - a scroll of poison {unknown}
 o - a scroll of enchant weapon {unknown}
 p - 2 scrolls of identify {unknown}
 t - 2 scrolls of blinking {unknown}
 u - a scroll of fear {unknown}
 v - a scroll of immolation {unknown}
Potions
 d - 3 potions of might
 l - 3 potions of enlightenment {unknown}
 m - 2 potions of haste {unknown}
 q - a potion of brilliance {unknown}
 r - a potion of curing {unknown}
 s - a potion of lignification {unknown}
 w - a potion of attraction {unknown}


   Skills:
 + Level 4.4 Fighting
 + Level 4.5 Axes
 + Level 0.2 Throwing
 + Level 5.1 Armour
 + Level 0.9 Dodging
 + Level 0.5 Stealth
 + Level 4.2 Shields
 + Level 0.6 Shapeshifting


You had 4 spell levels left.
You didn't know any spells.
Your spell library contained the following spells:

 Spells                   Type           Power      Damage    Failure   Level
 Magic Dart               Conj           0%         1d3       85%         1
 Blink                    Tloc           0%         N/A       94%         2
 Call Imp                 Summ           0%         N/A       94%         2
 Sublimation of Blood     Necr           0%         N/A       94%         2
 Summon Hydra             Summ           0%         N/A       100%        7


Dungeon Overview and Level Annotations

Branches:
Dungeon (5/15)             Temple (1/1) D:5

Altars:
Ashenzari
Cheibriados
Dithmenos
Elyvilon
Fedhas
Gozag
Hepliaklqana
Kikubaaqudgha
Makhleb
Nemelex Xobeh
Okawaru
Qazlal
Ru
Trog
Uskayaw
Vehumet
Wu Jian
Xom
Yredelemnul
The Shining One

Shops:
D:4 =

Annotations:
D:5 Grinder


Innate Abilities, Weirdness & Mutations

You are a hulking beast.
Your limbs bulge with bestial killing power. (Slay +0)
You have a pair of horns on your head.
You reflexively headbutt those who attack you in melee.


Message History

You hit Grinder but do no damage.
Grinder is heavily wounded.
Grinder hits you.
You writhe in agony.
Grinder hits you.
You writhe in agony.
You hit Grinder.
Grinder is heavily wounded.
Grinder gestures at you.
You suddenly lose the ability to move!
Grinder hits you!
You writhe in agony.
Grinder hits you but does no damage.
You can move again.
You barely miss Grinder.
Grinder is heavily wounded.
Grinder hits you but does no damage.
You barely miss Grinder. Your headbutt misses Grinder.
Grinder is heavily wounded.
Grinder zaps a wand.
The puff of flame hits you.
You closely miss Grinder.
Grinder is heavily wounded.
Grinder gestures at you. Pain shoots through your body! Grinder hits you.
* * * LOW HITPOINT WARNING * * *
You writhe in agony.
* * * LOW HITPOINT WARNING * * *
You feel very mighty all of a sudden. Grinder gestures at you.
You suddenly lose the ability to move!
Grinder hits you.
* * * LOW HITPOINT WARNING * * *
You can move again.
You slash Grinder!
Grinder is severely wounded.
Grinder hits you but does no damage.
You closely miss Grinder. Your headbutt misses Grinder.
Grinder is severely wounded.
Grinder hits you.
* * * LOW HITPOINT WARNING * * *
You writhe in agony.
You die...
Grinder says, "Now the real fun starts!"
Your body crumbles into a pile of gold.

##. ..## ..#<.. ###
.....# #<# #.)..# #.#
#.... #.# ###.. ...
###.# #..... #5#
..#.####...# #h####
...........#.. #..$.#
..#.##...#.#.. ####.#
..#)..........#####.#
..#......###[.....#.#
#......<............#
....#.#..###....#.###
....#.#.......#.#.#
#.#.#.#.#.........#


You could see Grinder.

Vanquished Creatures
  A phantom (D:4)
  A bombardier beetle (D:4)
  An iguana (D:4)
  An adder (D:5)
  A shadow imp (D:3)
  2 dart slugs (D:4)
  5 ribbon worms
  2 orcs
  7 bats
  3 endoplasms
  4 giant cockroaches
  6 goblins
  6 hobgoblins
  9 kobolds
  5 quokkas
  4 ball pythons
  4 frilled lizards
  7 rats
69 creatures vanquished.

Notes
Turn   | Place    | Note
-------+----------+-------------------------------------------
     0 | D:1      | Fodor the Minotaur Fighter began the quest for the Orb.
     0 | D:1      | Reached XP level 1. HP: 19/19 MP: 0/0
    78 | D:1      | Reached skill level 4 in Armour
    78 | D:1      | Reached XP level 2. HP: 27/27 MP: 1/1
   911 | D:2      | Reached XP level 3. HP: 32/33 MP: 2/2
  2718 | D:3      | Reached XP level 4. HP: 37/40 MP: 3/3
  2808 | D:4      | Found a shadowy altar of Dithmenos.
  2845 | D:4      | Noticed a phantom
  2851 | D:4      | Killed a phantom
  2852 | D:4      | Reached XP level 5. HP: 39/46 MP: 4/4
  2916 | D:4      | Found a sparkling altar of Nemelex Xobeh.
  2927 | D:4      | Found a radiant altar of Vehumet.
  3183 | D:4      | Found Xorphotuh's Jewellery Boutique.
  3785 | D:4      | Reached skill level 5 in Armour
  3836 | D:5      | Entered Level 5 of the Dungeon
  3849 | D:5      | Found a staircase to the Ecumenical Temple.
  3860 | Temple   | Entered the Ecumenical Temple
  3909 | Temple   | Became a worshipper of Gozag Ym Sagoz the Greedy
  4019 | D:5      | Noticed Grinder
  4030 | D:5      | Paralysed by Grinder for 3 turns
  4036 | D:5      | Paralysed by Grinder for 2 turns
  4039 | D:5      | HP: 1/47 [Grinder (5)]
  4039 | D:5      | Slain by Grinder

Illustrated notes

Levels and vault maps discovered:
D:1:      minmay_arrival_arboretum_small, layout_basic
D:2:      layout_basic, minmay_misc_feat_pillars
D:3:      layout_basic
D:4:      layout_basic, grunt_dithmenos_smoke_and_mirrors,
          mainiacjoe_overflow_big_doors, serial_shops, kennysheep_mini
D:5:      layout_basic, minmay_temple_entry_glassed_door,
          kennysheep_generic_room_12, uniq_grinder
Temple:   minmay_crystal_spiral_temple

Skill      XL: |  1  2  3  4  5 |
---------------+----------------+-----
Armour         | 4 5 |  5.1
Fighting       | 4 |  4.4
Axes           | 3 4 |  4.5
Shields        | 4 |  4.2
Throwing       | |  0.2
Dodging        | |  0.9
Stealth        | |  0.5
Shapeshifting  | |  0.6

Action                     |  1- 3 |  4- 6 || total
---------------------------+-------+-------++-------
  Melee: War axe           |   107 |    43 ||   150
         Headbutt          |     9 |    10 ||    19
  Throw: Boomerang         |     1 |     7 ||     8
    Use: Potion            |       |     1 ||     1
 Armour: Scale mail        |    97 |    39 ||   136
  Dodge: Dodged            |    60 |    10 ||    70
  Block: Buckler           |    40 |     8 ||    48
   Form: Beast             |     1 |       ||     1

Table legend: (Time is in decaauts)
 A = Elapsed time spent in this place.
 B = Non-inter-level travel time spent in this place.
 C = Inter-level travel time spent in this place.
 D = Time resting spent in this place.
 E = Time spent auto-exploring this place.
 F = Levels seen in this place.
 G = Mean time per level.
                   A        B        C        D        E       F      G
               +--------+--------+--------+--------+--------+-----+--------+
         Total |   4095 |   3922 |    173 |    497 |      0 |   6 |  682.5 |
       Dungeon |   3998 |   3825 |    173 |    497 |      0 |   5 |  799.6 |
        Temple |     96 |     96 |      0 |      0 |      0 |   1 |   96.0 |
               +--------+--------+--------+--------+--------+-----+--------+

Top non-repeatable levels by time:
     D:2: 1260 daAuts
     D:4: 1056 daAuts
     D:1: 908 daAuts
     D:3: 664 daAuts
     D:5: 109 daAuts
  Temple: 96 daAuts
